[Event "Rated Blitz game"]
[Site "?"]
[Date "2021.05.26"]
[Round "?"]
[White "PestePorcina"]
[Black "Vampilu"]
[Result "0-1"]
[ECO "C46"]
[WhiteElo "2425"]
[BlackElo "2437"]
[PlyCount "108"]
[EventDate "2021.??.??"]
[EventType "blitz"]
[TimeControl "180"]

1. e4 e5 2. Nf3 Nc6 3. Nc3 Nf6 4. Nxe5 Nxe5 5. d4 Ng6 6. e5 Ng8 7. Bc4 d5 8.
exd6 Nf6 9. Qe2+ Be6 10. Bxe6 fxe6 11. Qxe6+ Be7 12. dxe7 Qxe7 13. Qxe7+ Nxe7
14. Nb5 O-O-O 15. Nxa7+ Kb8 16. Nb5 Nc6 17. O-O Nxd4 18. Nxd4 Rxd4 19. Be3 Rc4
20. c3 c5 21. Rfd1 Kc8 22. Rac1 b6 23. f3 Ra4 24. a3 Rd8 25. Rxd8+ Kxd8 26. Kf2
Kc7 27. Bf4+ Kc6 28. c4 b5 29. cxb5+ Kxb5 30. Be5 Ra6 31. Bxf6 Rxf6 32. Ke3
Re6+ 33. Kd3 Rd6+ 34. Kc3 Re6 35. Rc2 h5 36. Rd2 Re3+ 37. Kc2 h4 38. h3 Kc4 39.
Rf2 g6 40. f4 Kd4 41. Kd2 Rb3 42. Kc1 Rg3 43. Rd2+ Ke4 44. Rc2 Kd4 45. b4 c4
46. a4 c3 47. a5 Kc4 48. a6 Re3 49. Ra2 Kb3 50. Kd1 Kxa2 51. a7 Re8 52. b5 Kb2
53. b6 c2+ 54. Kd2 c1=Q+ {Time forfeit} 0-1

[Event "Rated Blitz game"]
[Site "?"]
[Date "2021.05.26"]
[Round "?"]
[White "Salimskyi"]
[Black "Prayer791"]
[Result "0-1"]
[ECO "C46"]
[WhiteElo "2449"]
[BlackElo "2551"]
[PlyCount "62"]
[EventDate "2021.??.??"]
[EventType "blitz"]
[TimeControl "180"]

1. e4 e5 2. Nf3 Nf6 3. Nc3 Nc6 4. Nxe5 Nxe5 5. d4 Ng6 6. e5 Ng8 7. Bc4 d5 8.
Bxd5 c6 9. Bb3 Be6 10. Be3 Bb4 11. O-O Bxc3 12. bxc3 N8e7 13. c4 O-O 14. c3 a5
15. Bc2 Bxc4 16. Re1 Be6 17. Qh5 Qd7 18. h3 Bf5 19. Bxf5 Qxf5 20. Qxf5 Nxf5 21.
a4 Nxe3 22. fxe3 f6 23. exf6 gxf6 24. Reb1 Rf7 25. Rb6 Re8 26. Kf2 f5 27. Rab1
Ree7 28. c4 f4 29. exf4 Nxf4 30. Kg1 Ne2+ 31. Kh2 Nxd4 {Normal} 0-1

[Event "Rated Blitz game"]
[Site "?"]
[Date "2021.05.26"]
[Round "?"]
[White "PestePorcina"]
[Black "Kodeslabarriere"]
[Result "0-1"]
[ECO "C46"]
[WhiteElo "2432"]
[BlackElo "2454"]
[PlyCount "106"]
[EventDate "2021.??.??"]
[EventType "blitz"]
[TimeControl "180"]

1. e4 e5 2. Nf3 Nc6 3. Nc3 Nf6 4. Nxe5 Nxe5 5. d4 d6 6. dxe5 dxe5 7. Qxd8+ Kxd8
8. Bg5 Be7 9. O-O-O+ Ke8 10. Nb5 Bd8 11. Bc4 a6 12. Nc3 c6 13. f4 h6 14. fxe5
hxg5 15. exf6 Bxf6 16. Rd3 b5 17. Bb3 Bb7 18. h4 gxh4 19. Re1 Bxc3 20. Rxc3 Ke7
21. Rf3 Raf8 22. Ref1 f6 23. a4 c5 24. axb5 axb5 25. Bd5 Bxd5 26. exd5 Kd6 27.
Rd1 Re8 28. Ra3 Ra8 29. Rxa8 Rxa8 30. Kb1 Ra4 31. c3 Rg4 32. Rd2 Rg5 33. Re2
Kxd5 34. Re8 Rxg2 35. Rh8 g5 36. Ka2 b4 37. Kb3 bxc3 38. bxc3 c4+ 39. Kb4 Rb2+
40. Ka3 Rb3+ 41. Ka4 Rxc3 42. Rd8+ Ke5 43. Re8+ Kf5 44. Kb4 Rf3 45. Kxc4 h3 46.
Rh8 Rf4+ 47. Kd3 Rh4 48. Ra8 h2 49. Ra5+ Kg6 50. Ke2 h1=Q 51. Ra3 Qh2+ 52. Kf1
Rf4+ 53. Ke1 Qf2+ {Normal} 0-1

[Event "Rated Blitz game"]
[Site "?"]
[Date "2021.05.26"]
[Round "?"]
[White "forbiddencheapos"]
[Black "Tsukuru"]
[Result "1/2-1/2"]
[ECO "C46"]
[WhiteElo "2425"]
[BlackElo "2412"]
[PlyCount "54"]
[EventDate "2021.??.??"]
[EventType "blitz"]
[TimeControl "300"]

1. e4 Nf6 2. Nc3 e5 3. Nf3 Nc6 4. Nxe5 Nxe5 5. d4 Bb4 6. dxe5 Nxe4 7. Qg4 Nxc3
8. Qxb4 Nd5 9. Qe4 c6 10. Bd3 Qe7 11. O-O Nb4 12. Bg5 Qxg5 13. Qxb4 Qe7 14. Qd6
Qxd6 15. exd6 O-O 16. Rfe1 b5 17. a4 a6 18. axb5 cxb5 19. Bxb5 Rb8 20. Bxa6
Rxb2 21. Bd3 Rb6 22. Rad1 g6 23. Bf1 Ba6 24. Re7 Bxf1 25. Kxf1 Rc8 26. Rxd7
Rxc2 27. Rc7 Rxd6 {Normal} 1/2-1/2

[Event "Rated Blitz game"]
[Site "?"]
[Date "2021.05.26"]
[Round "?"]
[White "Medalhista"]
[Black "Swordoftheword16"]
[Result "0-1"]
[ECO "C46"]
[WhiteElo "2354"]
[BlackElo "2537"]
[PlyCount "38"]
[EventDate "2021.??.??"]
[EventType "blitz"]
[TimeControl "180"]

1. e4 e5 2. Nf3 Nc6 3. Nc3 Nf6 4. Nxe5 Nxe5 5. d4 Ng6 6. e5 Ng8 7. Bc4 d5 8.
Bxd5 N8e7 9. Bb3 c6 10. O-O Be6 11. f4 Nf5 12. d5 Bc5+ 13. Kh1 Qh4 14. Qf3 cxd5
15. Ba4+ Kf8 16. g3 Qh3 17. Bd2 d4 18. Ne2 Rd8 19. Qxb7 Bd5+ {Normal} 0-1

[Event "Rated Blitz game"]
[Site "?"]
[Date "2021.05.26"]
[Round "?"]
[White "biomechanoid8"]
[Black "Robban74"]
[Result "0-1"]
[ECO "C46"]
[WhiteElo "2350"]
[BlackElo "2412"]
[PlyCount "38"]
[EventDate "2021.??.??"]
[EventType "blitz"]
[TimeControl "180"]

1. e4 e5 2. Nf3 Nc6 3. Nc3 Nf6 4. Nxe5 Bc5 5. Nf3 d5 6. e5 Ne4 7. d4 Bb4 8. Bd2
Bxc3 9. bxc3 O-O 10. Bd3 f6 11. O-O fxe5 12. Nxe5 Nxe5 13. dxe5 Qh4 14. Bxe4
dxe4 15. Be3 Be6 16. Qd4 Rad8 17. Qxa7 Bg4 18. e6 Bf3 19. e7 Qg4 {Time forfeit}
0-1

[Event "Rated Blitz game"]
[Site "?"]
[Date "2021.05.26"]
[Round "?"]
[White "mincso"]
[Black "Abbasgholizadeh"]
[Result "0-1"]
[ECO "C46"]
[WhiteElo "2412"]
[BlackElo "2347"]
[PlyCount "112"]
[EventDate "2021.??.??"]
[EventType "blitz"]
[TimeControl "180+2"]

1. e4 e5 2. Nf3 Nc6 3. Nc3 Nf6 4. Nxe5 Nxe5 5. d4 Ng6 6. e5 Ng8 7. Bc4 d5 8.
Bxd5 Bb4 9. Qf3 Be6 10. Bxb7 Rb8 11. Bc6+ Bd7 12. O-O N8e7 13. Bxd7+ Qxd7 14.
Be3 Bxc3 15. bxc3 O-O 16. Qe4 Qf5 17. f3 Rb2 18. Rfc1 Rfb8 19. Kf2 c6 20. c4 a5
21. Ke2 a4 22. Qxf5 Nxf5 23. Bf2 Nf4+ 24. Kf1 Ne6 25. d5 Ned4 26. g4 Nxc2 27.
gxf5 Nxa1 28. Rxa1 cxd5 29. cxd5 Rd2 30. d6 Rbb2 31. Bg3 Rxa2 32. Rc1 Rac2 33.
Ra1 Kf8 34. Rxa4 Rd1+ 35. Be1 Ke8 36. Re4 Rxh2 37. Kg1 Ra2 38. Kf1 h5 39. Re2
Rxe2 40. Kxe2 Rd5 41. f4 f6 42. Bc3 h4 43. Kf2 h3 44. exf6 gxf6 45. Bxf6 Rxf5
46. Be5 Kd7 47. Kg3 Rh5 48. Kh2 Ke6 49. Kh1 Rh7 50. Kh2 Kf5 51. Kh1 Kg4 52. Bf6
Ra7 53. f5 Kxf5 54. Be7 Kg4 55. Kh2 Ra2+ 56. Kg1 Kg3 {Time forfeit} 0-1

[Event "Rated Blitz game"]
[Site "?"]
[Date "2021.05.26"]
[Round "?"]
[White "Barretts_Gambiteer"]
[Black "dmjjmd"]
[Result "0-1"]
[ECO "C46"]
[WhiteElo "2396"]
[BlackElo "2414"]
[PlyCount "30"]
[EventDate "2021.??.??"]
[EventType "blitz"]
[TimeControl "180"]

1. e4 e5 2. Nf3 Nc6 3. Nc3 Nf6 4. Nxe5 Nxe5 5. d4 Nc6 6. d5 Ne5 7. f4 Bd6 8.
fxe5 Bxe5 9. Bd3 d6 10. O-O g5 11. Bxg5 Rg8 12. h4 h6 13. Bxf6 Bxf6 14. Qf3
Bd4+ 15. Kh1 Qxh4+ {Normal} 0-1

[Event "Rated Blitz game"]
[Site "?"]
[Date "2021.05.26"]
[Round "?"]
[White "forbiddencheapos"]
[Black "GaryNLOL"]
[Result "1-0"]
[ECO "C46"]
[WhiteElo "2403"]
[BlackElo "2303"]
[PlyCount "64"]
[EventDate "2021.??.??"]
[EventType "blitz"]
[TimeControl "300"]

1. e4 e5 2. Nf3 Nc6 3. Nc3 Nf6 4. Nxe5 Nxe5 5. d4 Nc6 6. d5 Nb8 7. e5 Ng8 8. d6
Nc6 9. Nb5 cxd6 10. exd6 Qa5+ 11. Bd2 Qb6 12. Nc7+ Kd8 13. Nxa8 Qxb2 14. Nc7
Qe5+ 15. Be2 Bxd6 16. Nb5 Bc5 17. O-O Nf6 18. Bc3 Qg5 19. Nd6 Kc7 20. Nxf7 Qf5
21. Nxh8 Ne4 22. Be1 Nd4 23. Bd3 d5 24. Bxe4 dxe4 25. Bc3 Nf3+ 26. gxf3 exf3
27. Kh1 Bd6 28. Qd4 Qh5 29. h4 Bh3 30. Rfd1 Bg2+ 31. Kg1 Bc5 32. Qe5+ Qxe5 {
Normal} 1-0

[Event "Rated Blitz game"]
[Site "?"]
[Date "2021.05.26"]
[Round "?"]
[White "Henry940622"]
[Black "Abzal2005"]
[Result "0-1"]
[ECO "C46"]
[WhiteElo "2327"]
[BlackElo "2404"]
[PlyCount "98"]
[EventDate "2021.??.??"]
[EventType "blitz"]
[TimeControl "180"]

1. e4 e5 2. Nf3 Nc6 3. Nc3 Nf6 4. Nxe5 Nxe5 5. d4 Bb4 6. dxe5 Nxe4 7. Qd4 Bxc3+
8. bxc3 Ng5 9. Bd3 O-O 10. h4 Ne6 11. Qe4 g6 12. h5 Nc5 13. Qe3 Nxd3+ 14. cxd3
d6 15. Qh6 Qe7 16. Be3 Bg4 17. hxg6 fxg6 18. exd6 cxd6 19. O-O Qf7 20. Rab1 Bf5
21. Rb4 Rae8 22. Rfb1 Re7 23. Rf4 Qg7 24. Qxg7+ Rxg7 25. Rd4 Rd7 26. Bf4 d5 27.
Rb5 Rfd8 28. Bg5 Rc8 29. c4 dxc4 30. Rxd7 Bxd7 31. Rxb7 Bf5 32. dxc4 Rxc4 33.
Rxa7 Rc2 34. a4 Kf8 35. a5 Ke8 36. Re7+ Kf8 37. Re3 Ra2 38. Re5 Bd3 39. Be3 Bf5
40. Bb6 Kf7 41. Rc5 Kf6 42. Rc7 Kg5 43. Kh2 Be4 44. Kg3 Bf5 45. f3 h5 46. Rc5
h4+ 47. Kh2 Kh6 48. Rc7 h3 49. Be3+ Kh5 {Time forfeit} 0-1

[Event "Rated Blitz game"]
[Site "?"]
[Date "2021.05.26"]
[Round "?"]
[White "Salimskyi"]
[Black "GutiRaf"]
[Result "1-0"]
[ECO "C46"]
[WhiteElo "2452"]
[BlackElo "2321"]
[PlyCount "71"]
[EventDate "2021.??.??"]
[EventType "blitz"]
[TimeControl "180"]

1. e4 e5 2. Nf3 Nc6 3. Nc3 Nf6 4. Nxe5 Nxe5 5. d4 Nxe4 6. Nxe4 Ng6 7. Qe2 Be7
8. Be3 O-O 9. O-O-O d5 10. Ng3 c6 11. h4 Bxh4 12. Qh5 f5 13. Bd3 Qf6 14. Bd2
Be6 15. c3 h6 16. Qf3 Bg5 17. Nh5 Bxd2+ 18. Rxd2 Qf7 19. Re2 Rae8 20. Nf4 Nxf4
21. Qxf4 Bc8 22. Rhe1 Rxe2 23. Rxe2 b5 24. g3 a5 25. Re5 b4 26. Qe3 bxc3 27.
bxc3 Qc7 28. Re7 Qd6 29. Qe5 Qg6 30. Qc7 Qg5+ 31. Kb2 f4 32. Bc2 fxg3 33. fxg3
Bf5 34. Re5 Qg6 35. Rxf5 Rxf5 36. Qc8+ {Normal} 1-0

[Event "Rated Blitz game"]
[Site "?"]
[Date "2021.05.26"]
[Round "?"]
[White "Niemans"]
[Black "darthpetrov2000"]
[Result "0-1"]
[ECO "C46"]
[WhiteElo "2384"]
[BlackElo "2540"]
[PlyCount "50"]
[EventDate "2021.??.??"]
[EventType "blitz"]
[TimeControl "180"]

1. e4 e5 2. Nf3 Nf6 3. Nc3 Nc6 4. Nxe5 Nxe5 5. d4 Nc6 6. d5 Ne5 7. f4 Ng6 8. e5
Bc5 9. exf6 O-O 10. fxg7 Re8+ 11. Be2 d6 12. h3 Qh4+ 13. Kd2 Qxf4+ 14. Ke1 Bf2+
15. Kf1 Be3+ 16. Bf3 Bd7 17. Bxe3 Rxe3 18. Qc1 Rxf3+ 19. gxf3 Qxf3+ 20. Kg1
Qg3+ 21. Kf1 Bxh3+ 22. Rxh3 Qxh3+ 23. Kg1 Qg3+ 24. Kf1 Re8 25. Qd2 Nh4 {Normal}
0-1

[Event "Rated Blitz game"]
[Site "?"]
[Date "2021.05.26"]
[Round "?"]
[White "forbiddencheapos"]
[Black "uriberto"]
[Result "0-1"]
[ECO "C46"]
[WhiteElo "2379"]
[BlackElo "2553"]
[PlyCount "82"]
[EventDate "2021.??.??"]
[EventType "blitz"]
[TimeControl "300"]

1. e4 e5 2. Nf3 Nf6 3. Nc3 Nc6 4. Nxe5 Nxe5 5. d4 Ng6 6. e5 Ng8 7. Bc4 d5 8.
Bxd5 c6 9. Bb3 Bb4 10. O-O Bxc3 11. bxc3 N8e7 12. f4 Bf5 13. c4 h5 14. d5 Qb6+
15. Kh1 O-O-O 16. d6 Be6 17. Qe1 Nf5 18. a4 Qd4 19. c3 Qb6 20. Bc2 Rhe8 21. Qe2
Qa6 22. Bd3 Nxd6 23. exd6 Bg4 24. Qc2 Rxd6 25. Ba3 Rf6 26. c5 Qa5 27. Bb4 Qc7
28. Bxg6 fxg6 29. Qd2 Ref8 30. g3 h4 31. Rae1 hxg3 32. hxg3 g5 33. c4 gxf4 34.
Ba5 Qf7 35. gxf4 Rh6+ 36. Kg1 Rfh8 37. Qg2 Bh3 38. Qe4 Bxf1 39. Kxf1 Rh1+ 40.
Kf2 Rxe1 41. Kxe1 Re8 {Normal} 0-1

[Event "Rated Blitz game"]
[Site "?"]
[Date "2021.05.26"]
[Round "?"]
[White "PestePorcina"]
[Black "Cookie2015"]
[Result "0-1"]
[ECO "C46"]
[WhiteElo "2426"]
[BlackElo "2363"]
[PlyCount "74"]
[EventDate "2021.??.??"]
[EventType "blitz"]
[TimeControl "180"]

1. e4 e5 2. Nf3 Nf6 3. Nc3 Nc6 4. Nxe5 Nxe5 5. d4 Nc6 6. e5 Ng8 7. Bc4 Bb4 8.
Qf3 Qe7 9. O-O Nxd4 10. Qg4 Bxc3 11. bxc3 Ne6 12. f4 Nh6 13. Qe2 Nf5 14. g4 Nh4
15. f5 Ng5 16. f6 Qc5+ 17. Rf2 Nh3+ 18. Kf1 Qxf2+ 19. Qxf2 Nxf2 20. Kxf2 gxf6
21. exf6 d6 22. Bg5 Ng6 23. Re1+ Ne5 24. Bf4 O-O 25. Be2 Kh8 26. Rg1 Bd7 27.
Bh6 Rg8 28. g5 Rae8 29. h4 Bf5 30. h5 d5 31. Kg3 Nd7 32. Bd3 Bxd3 33. cxd3 Nxf6
34. Kf4 Nxh5+ 35. Kf5 Rg6 36. Rh1 Ng3+ 37. Kg4 Nxh1 {Normal} 0-1

[Event "Rated Blitz game"]
[Site "?"]
[Date "2021.05.26"]
[Round "?"]
[White "PestePorcina"]
[Black "DiogenesSinopeus"]
[Result "1-0"]
[ECO "C46"]
[WhiteElo "2434"]
[BlackElo "2482"]
[PlyCount "51"]
[EventDate "2021.??.??"]
[EventType "blitz"]
[TimeControl "180"]

1. e4 e5 2. Nf3 Nc6 3. Nc3 Nf6 4. Nxe5 Nxe5 5. d4 Ng6 6. e5 Ng8 7. f4 d5 8. Bd3
Nh4 9. O-O Bf5 10. g4 Bxd3 11. Qxd3 c6 12. f5 h5 13. g5 g6 14. e6 Nxf5 15.
exf7+ Kxf7 16. Rxf5+ gxf5 17. Qxf5+ Nf6 18. Bf4 Bd6 19. Be5 Be7 20. Rf1 Rg8 21.
Kh1 h4 22. gxf6 Bb4 23. Qh7+ Ke6 24. f7 Qg5 25. fxg8=Q+ Rxg8 26. Qf7# {Normal}
1-0

[Event "Rated Blitz game"]
[Site "?"]
[Date "2021.05.26"]
[Round "?"]
[White "PestePorcina"]
[Black "semnik"]
[Result "1-0"]
[ECO "C46"]
[WhiteElo "2427"]
[BlackElo "2412"]
[PlyCount "53"]
[EventDate "2021.??.??"]
[EventType "blitz"]
[TimeControl "180"]

1. e4 Nf6 2. Nc3 e5 3. Nf3 Nc6 4. Nxe5 Nxe5 5. d4 Ng6 6. e5 Qe7 7. Bg5 h6 8.
Nd5 Qd8 9. Bxf6 gxf6 10. Nxf6+ Ke7 11. f4 d5 12. Qh5 c5 13. f5 Qa5+ 14. Kd1
cxd4 15. fxg6 fxg6 16. Qxg6 Be6 17. b4 Qxb4 18. Bd3 Rc8 19. Ke2 Qc3 20. Rab1 b6
21. Rb5 Rd8 22. Rf1 Qc6 23. Rb3 a6 24. Bxa6 Ra8 25. Bb5 Qc7 26. Nxd5+ Bxd5 27.
Qf6# {Normal} 1-0

[Event "Rated Blitz game"]
[Site "?"]
[Date "2021.05.25"]
[Round "?"]
[White "forbiddencheapos"]
[Black "SPECNAZ666"]
[Result "1-0"]
[ECO "C46"]
[WhiteElo "2394"]
[BlackElo "2456"]
[PlyCount "69"]
[EventDate "2021.??.??"]
[EventType "blitz"]
[TimeControl "300"]

1. e4 e5 2. Nf3 Nc6 3. Nc3 Nf6 4. Nxe5 Nxe5 5. d4 Bb4 6. dxe5 Nxe4 7. Qd4 d5 8.
exd6 Bxc3+ 9. bxc3 Nxd6 10. Qxg7 Qe7+ 11. Be2 Rf8 12. Bh6 Nf5 13. Qxf8+ Qxf8
14. Bxf8 Kxf8 15. Bd3 Be6 16. O-O Kg7 17. a4 a5 18. Rfe1 Kf6 19. Rab1 b6 20. f4
Nd6 21. Re5 h6 22. Kf2 Rg8 23. h3 Nb7 24. g4 Nc5 25. Bb5 Rd8 26. Rbe1 Rd6 27.
Rh5 Kg7 28. Rhe5 c6 29. f5 Bd5 30. Bf1 Nxa4 31. c4 Bh1 32. Bd3 Nb2 33. R5e3 a4
34. Rxh1 a3 35. Ra1 {Normal} 1-0

[Event "Rated Blitz tournament j5NgTHe7"]
[Site "?"]
[Date "2021.05.25"]
[Round "?"]
[White "Starinov"]
[Black "Roifou"]
[Result "0-1"]
[ECO "C46"]
[WhiteElo "2446"]
[BlackElo "2272"]
[PlyCount "54"]
[EventDate "2021.??.??"]
[EventType "blitz"]
[TimeControl "180"]

1. e4 e5 2. Nf3 Nc6 3. Nc3 Nf6 4. Nxe5 Nxe5 5. d4 Ng6 6. e5 Ng8 7. Bc4 d5 8.
Bxd5 Be6 9. Bxb7 Rb8 10. Bc6+ Bd7 11. Be4 N8e7 12. Qf3 c5 13. Be3 Rxb2 14. Na4
Bxa4 15. c3 Bb5 16. a4 Re2+ 17. Kd1 Ba6 18. Bc6+ Nxc6 19. Qxc6+ Qd7 20. Qxa6
Rb2 21. Ke1 Be7 22. Bc1 Rb6 23. Qd3 cxd4 24. cxd4 Bb4+ 25. Kf1 O-O 26. Qe4 f5
27. exf6 Re6 {Normal} 0-1

[Event "Rated Blitz game"]
[Site "?"]
[Date "2021.05.25"]
[Round "?"]
[White "Barretts_Gambiteer"]
[Black "ange_de_la_mort"]
[Result "1-0"]
[ECO "C46"]
[WhiteElo "2387"]
[BlackElo "2405"]
[PlyCount "25"]
[EventDate "2021.??.??"]
[EventType "blitz"]
[TimeControl "180"]

1. e4 e5 2. Nf3 Nc6 3. Nc3 Nf6 4. Nxe5 Nxe5 5. d4 Ng6 6. e5 Ng8 7. Bc4 d6 8.
Qf3 Qd7 9. O-O c6 10. exd6 Bxd6 11. Re1+ Kf8 12. Ne4 Be7 13. Qxf7# {Normal} 1-0

[Event "Rated Blitz game"]
[Site "?"]
[Date "2021.05.25"]
[Round "?"]
[White "forbiddencheapos"]
[Black "yurmesh"]
[Result "1-0"]
[ECO "C46"]
[WhiteElo "2387"]
[BlackElo "2467"]
[PlyCount "27"]
[EventDate "2021.??.??"]
[EventType "blitz"]
[TimeControl "300"]

1. e4 e5 2. Nf3 Nc6 3. Nc3 Nf6 4. Nxe5 Nxe5 5. d4 Nc6 6. d5 Bb4 7. dxc6 Nxe4 8.
Qd4 Qe7 9. Be3 O-O 10. Bd3 d5 11. cxb7 Bxb7 12. O-O c5 13. Nxd5 a6 14. Nxe7+ {
Normal} 1-0

[Event "Rated Blitz game"]
[Site "?"]
[Date "2021.05.25"]
[Round "?"]
[White "biomechanoid8"]
[Black "Robban74"]
[Result "0-1"]
[ECO "C46"]
[WhiteElo "2363"]
[BlackElo "2411"]
[PlyCount "36"]
[EventDate "2021.??.??"]
[EventType "blitz"]
[TimeControl "180"]

1. e4 e5 2. Nf3 Nc6 3. Nc3 Nf6 4. Nxe5 Bc5 5. Nxc6 dxc6 6. d3 Ng4 7. Be3 Nxe3
8. fxe3 Bxe3 9. Qf3 Qg5 10. h4 Qh6 11. g4 Bd2+ 12. Kf2 Bxc3 13. bxc3 Qd2+ 14.
Be2 Qxc3 15. g5 Be6 16. Qe3 O-O 17. h5 f5 18. e5 f4 {Normal} 0-1

[Event "Rated Blitz game"]
[Site "?"]
[Date "2021.05.25"]
[Round "?"]
[White "jole99"]
[Black "subtleties30"]
[Result "1-0"]
[ECO "C46"]
[WhiteElo "2333"]
[BlackElo "2425"]
[PlyCount "76"]
[EventDate "2021.??.??"]
[EventType "blitz"]
[TimeControl "180"]

1. e4 e5 2. Nf3 Nc6 3. Nc3 Nf6 4. Nxe5 Nxe5 5. d4 Ng6 6. e5 Bb4 7. exf6 Qxf6 8.
Be3 O-O 9. Bc4 Bxc3+ 10. bxc3 d6 11. O-O Nh4 12. Qd2 Qg6 13. Bg5 Bh3 14. f4
Bxg2 15. f5 Bxf1 16. fxg6 Nf3+ 17. Kxf1 Nxd2+ 18. Bxd2 hxg6 19. Ke2 c6 20. Rg1
d5 21. Bd3 Rfe8+ 22. Be3 Re6 23. Kd2 b6 24. Rg3 Rc8 25. h4 c5 26. Be2 Re4 27.
h5 gxh5 28. Bxh5 Rh4 29. Bf3 Rd8 30. dxc5 bxc5 31. Bxc5 Ra4 32. Bd4 g6 33. Rh3
Kf8 34. Bf6 Ke8 35. Rh8+ Kd7 36. Rxd8+ Ke6 37. Bd4 Rxa2 38. Bxd5+ Kf5 {Normal}
1-0

[Event "Rated Blitz game"]
[Site "?"]
[Date "2021.05.25"]
[Round "?"]
[White "pombooo"]
[Black "Suffkopf97"]
[Result "0-1"]
[ECO "C46"]
[WhiteElo "2389"]
[BlackElo "2418"]
[PlyCount "156"]
[EventDate "2021.??.??"]
[EventType "blitz"]
[TimeControl "180"]

1. e4 e5 2. Nf3 Nc6 3. Nc3 Nf6 4. Nxe5 Nxe5 5. d4 Ng6 6. e5 Bb4 7. exf6 Qxf6 8.
Bd3 O-O 9. Be3 d5 10. a3 Bxc3+ 11. bxc3 Nf4 12. Qf3 Re8 13. O-O Nxd3 14. cxd3
Qxf3 15. gxf3 Bf5 16. Rfd1 c6 17. Rab1 b6 18. Kf1 h6 19. Ke2 f6 20. h4 g5 21.
h5 Kf7 22. Rg1 Re7 23. Kd2 Rae8 24. a4 Ke6 25. Rb2 Kd6 26. c4 Be6 27. c5+ bxc5
28. dxc5+ Kc7 29. Rgb1 Bc8 30. Kc3 Re5 31. f4 Rf5 32. fxg5 fxg5 33. Bd4 Rf3 34.
Bg7 Ba6 35. Rd2 Re6 36. Bd4 Rh3 37. Rf1 Rxh5 38. f4 gxf4 39. Rxf4 Re7 40. Rf3
Rh1 41. Kb2 h5 42. Rg2 h4 43. Be3 h3 44. Rgg3 h2 45. Bf4+ Kd7 46. Rh3 Re2+ 47.
Kc3 Ke6 48. Bb8 Rc1+ 49. Kd4 h1=Q 50. Rxh1 Rxh1 51. Bxa7 Rh4+ 52. Kc3 Ra2 53.
Re3+ Kd7 54. Rg3 Rhxa4 55. Bb6 Bxd3 56. Rxd3 R2a3+ 57. Kd2 Rxd3+ 58. Kxd3 Rc4
59. Ke3 Ke6 60. Kd3 Ke5 61. Ke3 Rc3+ 62. Kd2 d4 63. Ke2 Kd5 64. Kd2 Rxc5 65.
Ke2 Rb5 66. Kd2 Rxb6 67. Kd1 Rb3 68. Kd2 Kc4 69. Kd1 Kc3 70. Kc1 Rb4 71. Kd1
Rb1+ 72. Ke2 Kc2 73. Kf3 d3 74. Ke4 d2 75. Kd4 d1=Q+ 76. Kc4 Qe2+ 77. Kc5 Rd1
78. Kxc6 Qc4+ {Time forfeit} 0-1

[Event "Rated Blitz game"]
[Site "?"]
[Date "2021.05.25"]
[Round "?"]
[White "khalid_ontawar"]
[Black "aeminovsensey1"]
[Result "0-1"]
[ECO "C46"]
[WhiteElo "2449"]
[BlackElo "2449"]
[PlyCount "106"]
[EventDate "2021.??.??"]
[EventType "blitz"]
[TimeControl "180"]

1. e4 e5 2. Nc3 Nf6 3. Nf3 Nc6 4. Nxe5 Nxe5 5. d4 Nc6 6. d5 Bb4 7. dxc6 Nxe4 8.
cxd7+ Qxd7 9. Qxd7+ Bxd7 10. Bd2 Nxc3 11. Bxc3 Bxc3+ 12. bxc3 O-O-O 13. O-O-O
Be6 14. a3 Rxd1+ 15. Kxd1 Rd8+ 16. Kc1 a6 17. Bd3 h6 18. Re1 c6 19. f4 Kc7 20.
g3 Re8 21. Kd2 Bd7 22. Rb1 a5 23. Rf1 b6 24. Rf2 f6 25. Rf1 c5 26. Bc4 Bc6 27.
f5 Re4 28. Be6 Ra4 29. Ra1 b5 30. Bb3 Re4 31. Be6 Kb6 32. Rb1 Ra4 33. Ra1 b4
34. cxb4 cxb4 35. Re1 Rxa3 36. Bc4 Rf3 37. Bd3 Rf2+ 38. Kc1 Rxh2 39. Re7 a4 40.
Rxg7 a3 41. Bc4 Kc5 42. Bb3 Rf2 43. g4 Rf4 44. Rg6 Bd5 45. Rxf6 Rxg4 46. Rxh6
Rg1+ 47. Kd2 Bxb3 48. c3 a2 49. cxb4+ Kxb4 50. Rh4+ Ka3 51. Ke3 a1=Q 52. Kf4
Qd4+ 53. Kf3 Qxh4 {Normal} 0-1

[Event "Rated Blitz game"]
[Site "?"]
[Date "2021.05.24"]
[Round "?"]
[White "GoughPhar"]
[Black "JACarmona"]
[Result "1-0"]
[ECO "C46"]
[WhiteElo "2408"]
[BlackElo "2281"]
[PlyCount "129"]
[EventDate "2021.??.??"]
[EventType "blitz"]
[TimeControl "180"]

1. e4 e5 2. Nf3 Nc6 3. Nc3 Nf6 4. Nxe5 Nxe5 5. d4 Ng6 6. e5 Ng8 7. Bc4 d5 8.
Bxd5 c6 9. Bb3 Bb4 10. Qf3 Qc7 11. O-O Bxc3 12. bxc3 Be6 13. Bxe6 fxe6 14. Rb1
N8e7 15. Qh3 Qd7 16. Ba3 O-O 17. f4 Rxf4 18. Rxf4 Nxf4 19. Qg4 Nfg6 20. h4 Nf5
21. h5 Nge7 22. Qe4 b5 23. g4 Nh6 24. Rf1 Rf8 25. Rxf8+ Kxf8 26. Qxh7 Nxg4 27.
Bd6 Nh6 28. Kf1 Kf7 29. Ke2 Nef5 30. Qg6+ Kg8 31. Qg2 Nxd6 32. exd6 Qxd6 33.
Kd1 e5 34. Kc1 exd4 35. cxd4 Nf5 36. Qe4 Nxd4 37. Qe8+ Kh7 38. Qe4+ Kg8 39.
Qe8+ Qf8 40. Qe4 Qa3+ 41. Kd2 Nf3+ 42. Ke2 Ng5 43. Qe8+ Qf8 44. Qxc6 Qf6 45.
Qe8+ Kh7 46. Qxb5 Qf3+ 47. Kd2 Qxh5 48. a4 Qg6 49. a5 Qd6+ 50. Kc1 Ne4 51. Qh5+
Kg8 52. Qe8+ Kh7 53. Qxe4+ g6 54. Qh1+ Kg7 55. Qb7+ Kh6 56. Qxa7 Qa3+ 57. Kd1
Qd6+ 58. Ke2 Qe5+ 59. Qe3+ Qxe3+ 60. Kxe3 Kg5 61. Kf3 Kf6 62. a6 Ke6 63. a7 Kd7
64. a8=Q Kc7 65. Qe4 {Normal} 1-0

[Event "Rated Blitz tournament x4KfFpGr"]
[Site "?"]
[Date "2021.05.24"]
[Round "?"]
[White "ljdr"]
[Black "chickenReturn"]
[Result "1-0"]
[ECO "C46"]
[WhiteElo "2479"]
[BlackElo "2311"]
[PlyCount "147"]
[EventDate "2021.??.??"]
[EventType "blitz"]
[TimeControl "180+2"]

1. e4 e5 2. Nf3 Nf6 3. Nc3 Nc6 4. Nxe5 Nxe5 5. d4 d6 6. dxe5 dxe5 7. Qxd8+ Kxd8
8. Bg5 Bb4 9. O-O-O+ Bd7 10. Nd5 Be7 11. Nxe7 Kxe7 12. Bc4 Bc6 13. f3 Rad8 14.
Be3 b6 15. a3 Bd7 16. h4 Be6 17. Bb5 Rxd1+ 18. Rxd1 Rd8 19. Rxd8 Kxd8 20. g4
Bd7 21. Be2 Ke7 22. h5 Ne8 23. h6 g6 24. Kd2 f5 25. exf5 gxf5 26. Bd3 e4 27.
fxe4 fxe4 28. Bxe4 Nf6 29. Bg5 Kf7 30. Bxf6 Kxf6 31. Bxh7 Bxg4 32. Bd3 Be6 33.
Ke3 Bg8 34. h7 Bxh7 35. Bxh7 Ke5 36. Bd3 c5 37. c3 Kd5 38. c4+ Ke5 39. b4 a6
40. bxc5 bxc5 41. Kd2 Kd4 42. a4 a5 43. Bf1 Ke4 44. Kc3 Ke3 45. Bg2 Kf4 46. Bc6
Ke5 47. Kd3 Kf4 48. Bb5 Ke5 49. Ke3 Kf5 50. Kf3 Ke5 51. Ke3 Kf5 52. Bc6 Ke5 53.
Be4 Kd6 54. Kf4 Ke6 55. Bd5+ Kd6 56. Ke4 Ke7 57. Ke5 Kd7 58. Be4 Kc7 59. Kd5
Kb6 60. Kd6 Ka6 61. Kxc5 Ka7 62. Kb5 Kb8 63. Bd3 Kc7 64. Kxa5 Kb8 65. Kb5 Ka7
66. c5 Kb8 67. c6 Kc7 68. a5 Kb8 69. a6 Ka7 70. Ka5 Kb8 71. Kb6 Ka8 72. Bc4 Kb8
73. c7+ Kc8 74. Be6# {Normal} 1-0